 Dungeon Crawl Stone Soup version 0.22.1-2-g9c5b331 (webtiles) character file.

81 MalarOregon the Ducker (level 4, -6/33 HPs)
             Began as a Merfolk Ice Elementalist on Nov 28, 2018.
             Was an Initiate of Elyvilon.
             Mangled by a gnoll
             ... wielding a +0 halberd
              (12 damage)
             ... on level 2 of the Dungeon.
             The game lasted 00:02:58 (1594 turns).

MalarOregon the Ducker (Merfolk Ice Elementalist)   Turns: 1594, Time: 00:02:59

Health: -6/33      AC:  2    Str:  8    XL:     4   Next: 42%
Magic:  7/7        EV: 14    Int: 15    God:    Elyvilon [......]
Gold:   81         SH:  0    Dex: 14    Spells: 6/7 levels left

rFire    . . .     SeeInvis .   i - +1 dagger (venom)
rCold    . . .     Gourm    .   (no shield)
rNeg     . . .     Faith    .   a - +0 robe
rPois    .         Spirit   .   (no helmet)
rElec    .         Reflect  .   (no cloak)
rCorr    .         Harm     .   (no gloves)
MR       .....                  (no boots)
Stlth    ++........             (no amulet)
HPRegen  0.11/turn              (no ring)
MPRegen  0.10/turn              (no ring)

@: no status effects
A: change form in water, swift swim, stealthy swim
a: Renounce Religion


You were on level 2 of the Dungeon.
You worshipped Elyvilon.
Elyvilon was noncommittal.
You were not hungry.

You visited 1 branch of the dungeon, and saw 2 of its levels.

You collected 81 gold pieces.

Inventory:

Hand Weapons
 i - a +1 dagger of venom (weapon)
   (You took it off a goblin on level 1 of the Dungeon)
Armour
 a - a +0 robe (worn)
Scrolls
 b - a scroll of fog
 f - 2 scrolls of immolation {!r}
 l - 2 scrolls of identify {unknown}
Potions
 d - a potion of degeneration {unknown}
 g - a potion of mutation {unknown}
 h - a potion of curing {@q1}
 j - 3 potions of resistance {unknown}
 k - a potion of lignification {unknown}
 n - a potion of invisibility {unknown}
 o - a potion of agility {unknown}
Comestibles
 c - 2 chunks of flesh
 e - 3 rations {!d}


   Skills:
 * Level 1.9 Fighting
 * Level 1.2 Armour
 * Level 3.8 Dodging
 - Level 2.1 Stealth
 + Level 2.3 Spellcasting
   Level 0.7 Conjurations
 + Level 3.5 Ice Magic


You had 6 spell levels left.
You knew the following spells:

 Your Spells              Type           Power        Failure   Level  Hunger
a - Freeze                Ice            ##..         4%          1    #......

Your spell library contained the following spells:

 Spells                   Type           Power        Failure   Level  Hunger
 Throw Frost              Conj/Ice       #.....       14%         2    ###....
 Ozocubu's Armour         Chrm/Ice       #.......     30%         3    ###....
 Throw Icicle             Conj/Ice       #.......     65%         4    #####..
 Summon Ice Beast         Ice/Summ       #.......     71%         4    #####..


Dungeon Overview and Level Annotations

Branches:
Dungeon (2/15)

Altars:
Elyvilon
Yredelemnul


Message History

There is a stone staircase leading down here.
You see here a dagger.
An adder comes into view.
The helpless adder fails to defend itself.
You hit the adder.
The adder is poisoned.
The adder bites you but does no damage.
You hit the adder but do no damage.
The adder looks even sicker.
The adder barely misses you. The adder bites you.
You are poisoned.
The adder poisons you!
You closely miss the adder.
You feel sick. The adder bites you but does no damage.
You hit the adder but do no damage. The adder closely misses you.
You completely miss the adder.
You feel sick.
You kill the adder!
You have reached level 4!
You butcher the adder corpse.
c - 2 chunks of flesh You feel sick. 2 gnolls come into view.
Found 11 gold pieces.
A gnoll comes into view. It is wielding a halberd.
The gnoll shouts! x3
The gnoll hits you with an enchanted halberd.
You hear an angry hiss.
You hit the gnoll but do no damage.
You feel sick. The gnoll closely misses you.
You hit the gnoll but do no damage.
The gnoll is poisoned.
A frilled lizard comes into view.
You hit the gnoll.
The gnoll is poisoned.
You hit the gnoll but do no damage.
The gnoll looks as sick as possible!
The gnoll hits you but does no damage. The gnoll barely misses you.
You closely miss the gnoll.
You feel sick. The gnoll hits you but does no damage.
The gnoll hits you with a flail.
You barely miss the gnoll.
The gnoll hits you from afar with an enchanted halberd!
* * * LOW HITPOINT WARNING * * *
The gnoll barely misses you.
You kill the gnoll!
You feel sick.
You feel sick.
You are no longer poisoned.
The gnoll looks more healthy.
The gnoll hits you with an enchanted halberd!
* * * LOW HITPOINT WARNING * * *
The gnoll barely misses you.
You hit the gnoll.
You kill the gnoll!
The gnoll hits you from afar with a halberd!
You die...

#......##... ### #.####...... ..#
####.........≈≈ #.#
#.......#...≈≈≈ #.### #######
#.##....#...≈≈♣ ....#
#.....######.##........≈≈≈
..#.####.....g.g.##.##.........≈≈
..#..........###)##.##...........
g.######.....# #@##.#####.#......
.## #.....###.##.......#...### .#
########......######...### .#
######.......# #...... ##
.............######..(###
........#.#..#........÷..
........#.......<..(.(((.
........#..#.#..†........
.............######...###


You could see a gnoll.

Vanquished Creatures
  2 gnolls (D:2)
  3 adders (D:2)
  2 leopard geckos
  5 bats
  2 giant cockroaches (D:1)
  4 goblins (D:1)
  4 hobgoblins
  A quokka (D:2)
  A ball python (D:2)
  A frilled lizard (D:1)
  5 kobolds
  4 rats
34 creatures vanquished.

Notes
Turn   | Place    | Note
-------+----------+-------------------------------------------
     0 | D:1      | MalarOregon the Merfolk Ice Elementalist began the quest
                  | for the Orb.
     0 | D:1      | Reached XP level 1. HP: 13/13 MP: 3/3
   112 | D:1      | Reached XP level 2. HP: 17/20 MP: 0/5
   533 | D:1      | Reached skill level 1 in Fighting
   797 | D:2      | Found a basalt altar of Yredelemnul.
   810 | D:2      | HP: 1/21 [adder (5)]
   812 | D:2      | Reached XP level 3. HP: 6/26 MP: 0/6
  1146 | D:2      | Found a white marble altar of Elyvilon.
  1156 | D:2      | Became a worshipper of Elyvilon the Healer
  1200 | D:2      | Reached skill level 1 in Armour
  1555 | D:2      | Reached XP level 4. HP: 28/33 MP: 7/7
  1594 | D:2      | Mangled by a gnoll

Skill      XL: |  1  2  3 |
---------------+----------+-----
Dodging        | 3 |  3.8
Fighting       | 1 |  1.9
Armour         | 1 |  1.2
Stealth        | |  2.1
Spellcasting   | |  2.3
Conjurations   | |  0.7
Ice Magic      | |  3.5

Action                   |  1- 3 |  4- 6 || total
-------------------------+-------+-------++-------
Melee: Club              |     5 |       ||     5
       Dagger            |    71 |     7 ||    78
 Cast: Freeze            |    14 |       ||    14
  Use: Scroll            |     7 |       ||     7
       Potion            |     1 |       ||     1
 Stab: Sleeping          |     5 |       ||     5
  Eat: Chunk             |     2 |       ||     2
Armor: Robe              |     8 |     1 ||     9
Dodge: Dodged            |    66 |     4 ||    70
